 Dungeon Crawl Stone Soup version 0.31.0-11-ge490571c62 (webtiles) character file.

Game seed: 4011996779136842473

72805 tilp the Severer (level 15, -15/141 HPs)
             Began as a Minotaur Berserker on Feb 3, 2024.
             Was a High Priest of Trog.
             Demolished by a radroach (29 damage)
             ... on level 1 of the Spider Nest.
             The game lasted 00:31:24 (20165 turns).

tilp the Severer (Minotaur Berserker)              Turns: 20165, Time: 00:31:25

Health: -15/141    AC: 27    Str: 29    XL:     15   Next: 2%
Magic:  14/14      EV: 14    Int:  4    God:    Trog [*****.]
Gold:   160        SH: 16    Dex: 16    Spells: 14/14 levels left

rFire   . . .        a - +5 war axe (flame)
rCold   . . .        p - +7 kite shield of Lifelessness {Str-4 Dex+4}
rNeg    . . .        c - +2 chain mail of Conscience {Str+4 Dex+2}
rPois   +            i - +2 hat
rElec   .            U - +1 cloak
rCorr   .            W - +1 pair of gloves
SInv    .            B - +1 pair of boots
Will    +....        Q - amulet of regeneration Stlth
                     X - ring of poison resistance
HPRegen 1.23/turn    v - +4 ring of protection
MPRegen 0.14/turn

%: no passive effects
@: on berserk cooldown, contaminated, slowed, glowing, very slow
A: horns 2, retaliatory headbutt
a: Renounce Religion, Berserk, Trog's Hand, Brothers in Arms


You were on level 1 of the Spider Nest.
You worshipped Trog.
Trog was extremely pleased with you.
You visited 4 branches of the dungeon, and saw 19 of its levels.
You also visited: Sewer and Volcano.

You collected 1882 gold pieces.
You spent 1722 gold pieces at shops.

Inventory:

Hand Weapons
 a - a +5 war axe of flaming (weapon)
 b - the +3 broad axe "Beetlebane" {heavy, Dex+6}
   (Trog gifted it to you on level 2 of the Orcish Mines)

   Dex+6:     It affects your dexterity (+6).
 E - a +0 battleaxe
 I - a +2 battleaxe of flaming
Missiles
 h - 38 poisoned darts (quivered)
 l - 2 datura-tipped darts
 q - 9 atropa-tipped darts
 t - 14 curare-tipped darts
 x - 22 boomerangs
 A - 2 throwing nets {!f}
 S - 2 javelins
Armour
 c - the +2 chain mail of Conscience (worn) {Str+4 Dex+2}
   (You took it off an orc warrior on level 7 of the Dungeon)

   Str+4:     It affects your strength (+4).
   Dex+2:     It affects your dexterity (+2).
 i - a +2 hat (worn)
 p - the +7 kite shield of Lifelessness (worn) {Str-4 Dex+4}
   (You bought it in a shop on level 2 of the Dungeon)

   Str-4:     It affects your strength (-4).
   Dex+4:     It affects your dexterity (+4).
 y - a +3 plate armour of fire resistance
 B - a +1 pair of boots (worn)
 U - a +1 cloak (worn)
 W - a +1 pair of gloves (worn)
Jewellery
 e - a ring of resist corrosion
 j - a +6 ring of strength
 n - a ring of protection from fire
 s - a ring of ice
 v - a +4 ring of protection (right hand)
 M - a ring of protection from fire
 Q - an amulet of regeneration (around neck)
 R - an amulet of faith
 X - a ring of poison resistance (left hand)
Wands
 r - a wand of mindburst (2)
 C - a wand of polymorph (8)
 J - a wand of iceblast (3)
 O - a wand of charming (5)
Scrolls
 g - 9 scrolls of teleportation
 u - 3 scrolls of blinking
 F - a scroll of immolation
 H - 3 scrolls of enchant weapon
 K - a scroll of vulnerability
 N - 4 scrolls of fog
 P - 3 scrolls of silence
 V - 2 scrolls of revelation
Potions
 d - 10 potions of might
 f - 6 potions of curing
 k - 7 potions of mutation
 m - 5 potions of heal wounds
 o - 8 potions of attraction
 w - a potion of invisibility
 z - 5 potions of haste
 D - 2 potions of enlightenment
 G - a potion of magic
 L - 3 potions of berserk rage
 T - 2 potions of resistance


   Skills:
 + Level 15.0 Fighting
 - Level 2.0 Long Blades
 + Level 16.7 Axes
 - Level 4.0 Throwing
 - Level 12.0 Armour
 - Level 12.0 Dodging
 - Level 4.0 Stealth
 - Level 4.0 Shields
 + Level 10.8 Evocations


You had 14 spell levels left.
You didn't know any spells.
Your spell library was empty.

Dungeon Overview and Level Annotations

Branches:
Dungeon (11/15)            Temple (0/1) D:6            Lair (5/5) D:9
 Shoals (0/4) Lair:2       Spider (1/4) Lair:2        Slime (0/5) Lair:5
    Orc (2/2) D:10            Elf (0/3) Orc:2         Sewer (visited)
Volcano (visited)

Altars:
Cheibriados
Dithmenos
Elyvilon
Fedhas
Hepliaklqana
Kikubaaqudgha
Makhleb
Okawaru
Sif Muna
Xom
The Shining One

Shops:
D:2 *:   D:8 *   Orc:2 ([*=[

Annotations:
D:4 exclusions: orc wizard and 1 more exclusion
Lair:3 2 transporters, Feulaj's ghost, journeyman MiBe


Innate Abilities, Weirdness & Mutations

You have a pair of horns on your head.
You reflexively headbutt those who attack you in melee.


Message History

The radroach erupts in a fountain of uncontrolled magic!
You are blasted with magical radiation!!
You are very lightly contaminated with residual magic.
The orb spider weaves a glowing orb of energy.
An orb of destruction comes into view.
You hit the radroach but do no damage.
You headbutt the radroach, but do no damage.
The radroach is almost dead.
You block the radroach's attack. The radroach completely misses you.
The radroach bites you! You block the radroach's attack.
Unknown command.
The orb spider's soul is no longer bound.
You block the orb of destruction.
The orb of destruction dissipates.
Unknown command.
The orb spider begins to weave its threads into a brightly glowing ball.
The radroach erupts in a fountain of uncontrolled magic!
You are blasted with magical radiation!!
* * * LOW HITPOINT WARNING * * *
You are lightly contaminated with residual magic.
The orb spider weaves a glowing orb of energy.
The radroach attacks as it pursues you!
The radroach bites you but does no damage.
You block the radroach's attack.
The radroach erupts in a fountain of uncontrolled magic!
You are blasted with magical radiation!!
* * * LOW HITPOINT WARNING * * *
You are contaminated with residual magic.
An orb of destruction comes into view.
The wavering orb of destruction hits you!!
* * * LOW HITPOINT WARNING * * *
The orb spider spins a strand of pure energy.
You block the radroach's attack. x2
Unknown command.
You feel much better.
The radroach erupts in a fountain of uncontrolled magic!
You are blasted with magical radiation!
* * * LOW HITPOINT WARNING * * *
The radroach erupts in a fountain of uncontrolled magic!
You are blasted with magical radiation!!
You die...

.. ###.#
#####....#
#.#......#
##s........ .
#.......... #.##
#°........
....####.@.......#
......#.B....#....
..................
..................
..................
......†...#.......
........#.....^...
........#.........
........#...#.....


You could see a radroach and an orb spider (charged).

Vanquished Creatures
  Snorg (D:10)
  Josephine (Orc:1)
  An entropy weaver (Spider:1)
  A fire dragon (Volcano)
  5 hydras
  Fannar (Lair:2)
  A radroach (Spider:1)
  Erica (Lair:2)
  A boulder beetle (Lair:5)
  7 two-headed ogres
  Sonja (Lair:2)
  A skyshark (Lair:5)
  2 pharaoh ants (Spider:1)
  2 orb spiders (Spider:1)
  4 orc knights
  A steelbarb worm (Spider:1)
  A lindwurm (Lair:4)
  The ghost of Torious the Conjurer, a novice DECj (D:7)
  3 orc sorcerers (Orc:1)
  2 wolf spiders (Spider:1)
  3 oklob plants
  A cyclops (D:11)
  3 salamanders (Volcano)
  4 black mambas
  6 kobold blastminers (Orc:2)
  5 cane toads
  A gargoyle (D:11)
  A torpor snail (Spider:1)
  4 rime drakes (Lair:5)
  17 komodo dragons
  2 trolls
  4 polar bears (Lair:5)
  5 hornets (Lair:5)
  Grinder (D:5)
  5 tarantellas (Spider:1)
  17 blink frogs
  6 jumping spiders (Spider:1)
  6 culicivoras (Spider:1)
  Sigmund (D:5)
  6 fire bats (Volcano)
  2 shadows
  7 basilisks
  35 yaks
  17 wyverns
  2 steam dragons
  5 wraiths
  14 spriggans (Lair:5)
  2 wargs
  7 redbacks (Spider:1)
  An acid dragon (D:9)
  19 water moccasins
  38 orc warriors
  2 hell hounds (Lair:1)
  5 ice beasts
  29 wolves
  12 ogres
  5 black bears
  4 boggarts (Lair:5)
  A crocodile (Sewer)
  9 centaurs
  A phantom (D:5)
  3 kobold brigands
  10 bullfrogs
  4 scorpions
  4 wights (D:7)
  16 killer bees
  2 electric eels (Lair:2)
  2 bombardier beetles
  4 hounds
  A jelly (D:7)
  12 orc priests
  3 gnoll boudas
  6 iguanas
  15 orc wizards
  2 sleepcaps
  15 gnolls
  6 adders
  A river rat (D:6)
  A shadow imp (D:7)
  2 white imps (D:8)
  4 ufetubi
  6 ribbon worms
  2 dart slugs
  59 orcs
  6 ball pythons
  4 endoplasms
  7 giant cockroaches
  17 goblins
  9 hobgoblins
  7 jackals
  2 quokkas (D:4)
  4 bats
  6 frilled lizards
  13 kobolds
  6 rats
614 creatures vanquished.

Vanquished Creatures (collateral kills)
  A hydra (Lair:1)
  A black mamba (Lair:1)
  2 cane toads (Lair:1)
  2 komodo dragons (Lair:1)
  2 orc warriors (Orc:2)
  An orc priest (Orc:2)
  An orc wizard (Orc:2)
  5 orcs (Orc:2)
15 creatures vanquished.

Vanquished Creatures (others)
  An orc wizard (Orc:1)
  An orc (Orc:2)
2 creatures vanquished.

Grand Total: 631 creatures vanquished

Notes
Turn   | Place    | Note
-------+----------+-------------------------------------------
     0 | D:1      | tilp the Minotaur Berserker began the quest for the Orb.
     0 | D:1      | Reached XP level 1. HP: 19/19 MP: 0/0
   154 | D:1      | You fall into a shaft and drop 1 floor!
   178 | D:2      | Found Offiu's Assorted Antiques.
   230 | D:2      | Reached XP level 2. HP: 27/27 MP: 1/1
   287 | D:2      | Reached skill level 4 in Axes
   413 | D:2      | Found Tahoosul's Book Boutique.
   413 | D:2      | Noticed a walking crystal tome
   413 | D:2      | Noticed a walking frostbound tome
   763 | D:1      | Reached XP level 3. HP: 31/33 MP: 2/2
  1076 | D:1      | Reached ** piety under Trog
  1668 | D:2      | Reached skill level 1 in Stealth
  2123 | D:3      | Reached XP level 4. HP: 40/40 MP: 3/3
  2140 | D:3      | Reached skill level 1 in Throwing
  2240 | D:3      | Found a faded altar of an unknown god.
  2704 | D:2      | Bought a scroll labelled YBIETHR EWEF for 20 gold pieces
  2704 | D:2      | Bought a scroll labelled RYULUN MALUOSI for 20 gold pieces
  2780 | D:4      | Reached skill level 5 in Axes
  2780 | D:4      | Reached XP level 5. HP: 47/47 MP: 4/4
  2805 | D:4      | Found a shimmering altar of Xom.
  3124 | D:4      | Noticed a black bear
  3129 | D:4      | Killed a black bear
  3130 | D:4      | Reached XP level 6. HP: 55/55 MP: 5/5
  3418 | D:4      | Found a shimmering blue altar of Sif Muna.
  3673 | D:5      | Entered Level 5 of the Dungeon
  3701 | D:5      | Noticed an ice beast
  3707 | D:5      | Killed an ice beast
  3708 | D:5      | Reached skill level 5 in Fighting
  3708 | D:5      | Reached skill level 6 in Axes
  3758 | D:5      | Reached XP level 7. HP: 60/61 MP: 6/6
  3915 | D:5      | Noticed Grinder
  3919 | D:5      | Paralysed by Grinder for 2 turns
  3923 | D:5      | Killed Grinder
  3924 | D:5      | Reached skill level 7 in Axes
  4066 | D:5      | Noticed Sigmund
  4073 | D:5      | Killed Sigmund
  4074 | D:5      | Reached skill level 8 in Axes
  4074 | D:5      | Reached skill level 5 in Dodging
  4167 | D:5      | Reached XP level 8. HP: 71/71 MP: 7/7
  4183 | D:5      | Found a glowing golden altar of the Shining One.
  4302 | D:5      | Found a shadowy altar of Dithmenos.
  4619 | D:2      | Bought a brown potion for 18 gold pieces
  4619 | D:2      | Bought a yellow potion for 18 gold pieces
  4619 | D:2      | Bought a fuming blue potion for 18 gold pieces
  4619 | D:2      | Bought a brown potion for 18 gold pieces
  4756 | D:6      | Found a glowing drain.
  4762 | D:6      | Reached *** piety under Trog
  4856 | Sewer    | Entered a sewer
  4898 | Sewer    | Reached skill level 9 in Axes
  5174 | D:6      | Reached skill level 10 in Axes
  5477 | D:6      | Found a blossoming altar of Fedhas.
  5489 | D:6      | Noticed an oklob plant
  5625 | D:6      | Found a staircase to the Ecumenical Temple.
  5692 | D:6      | Found an ancient bone altar of Kikubaaqudgha.
  5722 | D:6      | Reached XP level 9. HP: 58/81 MP: 8/8
  6017 | D:6      | Found an iron altar of Okawaru.
  6385 | D:7      | Reached skill level 11 in Axes
  6387 | D:7      | Reached skill level 1 in Evocations
  6603 | D:7      | Found a runed translucent gate.
  6603 | D:7      | Noticed Torious's ghost (novice DECj)
  6604 | D:7      | Found a runed translucent gate.
  6605 | D:7      | Found a runed translucent gate.
  6619 | D:7      | Identified the +2 chain mail of Conscience {Str+4 Dex+2}
  6694 | D:7      | Reached **** piety under Trog
  7032 | D:7      | Killed Torious's ghost
  7033 | D:7      | Reached skill level 12 in Axes
  7268 | D:2      | Bought a scorched kite shield for 190 gold pieces
  7268 | D:2      | Identified the +7 kite shield of Lifelessness {Str-4 Dex+4}
                  | (You bought it in a shop on level 2 of the Dungeon)
  7641 | D:8      | Reached XP level 10. HP: 88/88 MP: 9/9
  7956 | D:8      | Found Ligetz's General Store.
  8147 | D:9      | Reached skill level 13 in Axes
  8192 | D:9      | Found a hazy altar of Hepliaklqana.
  8275 | D:9      | Found a staircase to the Lair.
  8346 | D:9      | Reached skill level 14 in Axes
  8377 | D:9      | Found a burning altar of Makhleb.
  8509 | D:9      | Reached skill level 15 in Axes
  8551 | D:9      | Reached skill level 16 in Axes
  8843 | D:9      | Found a snail-covered altar of Cheibriados.
  8931 | D:8      | Bought a scroll of enchant weapon for 82 gold pieces
  9005 | D:10     | Entered Level 10 of the Dungeon
  9025 | D:10     | Reached XP level 11. HP: 94/94 MP: 10/10
  9161 | D:10     | Reached skill level 1 in Shields
  9225 | D:10     | Found a white marble altar of Elyvilon.
  9339 | D:10     | Noticed a two-headed ogre
  9344 | D:10     | Killed a two-headed ogre
  9419 | D:10     | Found a staircase to the Orcish Mines.
  9542 | D:10     | Noticed a two-headed ogre
  9549 | D:10     | Killed a two-headed ogre
  9630 | D:10     | Noticed Snorg
  9640 | D:10     | Killed Snorg
 10060 | D:11     | Noticed a two-headed ogre
 10070 | D:11     | Killed a two-headed ogre
 10204 | D:11     | Reached skill level 5 in Evocations
 10586 | Lair:1   | Entered Level 1 of the Lair of Beasts
 10627 | Lair:1   | Reached skill level 5 in Armour
 10694 | Lair:1   | Found a dark tunnel.
 10830 | Volcano  | Entered a volcano
 10895 | Volcano  | Reached XP level 12. HP: 105/105 MP: 11/11
 10990 | Volcano  | Noticed a two-headed ogre
 10999 | Volcano  | Killed a two-headed ogre
 11016 | Volcano  | Reached skill level 10 in Fighting
 11045 | Volcano  | Noticed a two-headed ogre
 11064 | Volcano  | Killed a two-headed ogre
 11079 | Volcano  | Noticed a two-headed ogre
 11088 | Volcano  | Killed a two-headed ogre
 11102 | Volcano  | Noticed a two-headed ogre
 11125 | Volcano  | Killed a two-headed ogre
 11480 | Volcano  | Noticed a fire dragon
 11493 | Volcano  | Killed a fire dragon
 12096 | Lair:1   | Identified the +1 leather armour of Complete Protection
                  | {rC+ Will+ Int-3 Dex+5}
 12208 | Lair:1   | Identified the +1 whip of Severance {freeze, rPois rN+
                  | Int+3 Dex+3}
 12533 | Lair:1   | Noticed a four-headed hydra
 12550 | Lair:1   | Killed a four-headed hydra
 13116 | Lair:2   | Reached XP level 13. HP: 94/117 MP: 12/12
 13230 | Lair:2   | Noticed Fannar
 13244 | Lair:2   | Killed Fannar
 13245 | Lair:2   | Reached skill level 10 in Dodging
 13409 | Lair:2   | Noticed Erica
 13414 | Lair:2   | Killed Erica
 13451 | Lair:2   | Found a hole to the Spider Nest.
 13532 | Lair:2   | Reached skill level 1 in Long Blades
 13549 | Lair:2   | Reached ***** piety under Trog
 13653 | Lair:2   | Found a staircase to the Shoals.
 13733 | Lair:2   | Noticed Sonja
 13752 | Lair:2   | Killed Sonja
 15455 | Lair:3   | Noticed Feulaj's ghost (journeyman MiBe)
 15457 | Lair:3   | Found a transporter.
 15463 | Lair:3   | Found a transporter.
 16423 | Lair:5   | Entered Level 5 of the Lair of Beasts
 16771 | Lair:5   | Received a gift from Trog
 16810 | Lair:5   | Reached skill level 10 in Armour
 16987 | Lair:5   | Found a staircase to the Slime Pits.
 17034 | Lair:5   | Reached XP level 14. HP: 129/129 MP: 13/13
 18194 | Orc:1    | Entered Level 1 of the Orcish Mines
 18206 | Orc:1    | Found a burning altar of Makhleb.
 18222 | Orc:1    | Noticed Josephine
 18223 | Orc:1    | Paralysed by an orc sorcerer for 3 turns
 18234 | Orc:1    | Killed Josephine
 18364 | Orc:2    | Entered Level 2 of the Orcish Mines
 18416 | Orc:2    | Identified the +3 broad axe "Beetlebane" {heavy, Dex+6}
                  | (Trog gifted it to you on level 2 of the Orcish Mines)
 18416 | Orc:2    | Received a gift from Trog
 18427 | Orc:2    | Reached skill level 10 in Evocations
 18585 | Orc:2    | Found a staircase to the Elven Halls.
 19160 | Orc:2    | Found Sosurch's Weapon Emporium.
 19426 | Orc:2    | Found Pufoim's Assorted Antiques.
 19426 | Orc:2    | Found Ruvocum's Jewellery Shop.
 19428 | Orc:2    | Found Fanamu's Antique Armour Boutique.
 19430 | Orc:2    | Found Ukhloina's Armour Shoppe.
 19434 | Orc:2    | Bought a sedimented ruby potion for 35 gold pieces
 19442 | Orc:2    | Bought a +1 pair of gloves for 126 gold pieces
 19669 | Orc:2    | Bought a scroll of teleportation for 117 gold pieces
 19669 | Orc:2    | Bought a scroll of revelation for 292 gold pieces
 19669 | Orc:2    | Bought a scroll of identify for 78 gold pieces
 19669 | Orc:2    | Bought a scroll of fog for 156 gold pieces
 19669 | Orc:2    | Bought 2 potions of curing for 234 gold pieces
 19671 | Orc:2    | Bought a ring of poison resistance for 300 gold pieces
 19827 | Spider:1 | Entered Level 1 of the Spider Nest
 19902 | Spider:1 | Received a gift from Trog
 20142 | Spider:1 | Reached skill level 15 in Fighting
 20142 | Spider:1 | Reached XP level 15. HP: 122/141 MP: 14/14
 20164 | Spider:1 | HP: 2/141 [disintegration (20)]
 20165 | Spider:1 | Demolished by a radroach

Illustrated notes

Levels and vault maps discovered:
D:1:      dpeg_arrival_triangle_fractal, layout_loops_ring
D:2:      layout_basic, serial_shops, nicolae_shop_mannequins, shop,
          minmay_misc_feat_alley, kennysheep_cluttered_room,
          chequers_serial_rivers_micro_b, minmay_domino_2
D:3:      layout_basic, nicolae_ecumenical_lake_church,
          nicolae_elevator_lobby_asterisk
D:4:      layout_cave_pods, led_sif_book, mainiacjoe_overflow_six_doors_small
D:5:      layout_loops_ring, marbit_many_paths, tso_metal_star, uniq_grinder,
          uniq_sigmund
D:6:      layout_basic, mainiacjoe_overflow_tiny_flanked,
          hellmonk_okawaru_the_only_friend_you_need, tgw_fedhas, temple_green,
          portal_sewer_entry_c, chequers_garden, minmay_ogre_servants
D:7:      layout_gridville, biasface_ghost_orc_armoury
D:8:      layout_basic, serial_shops, shop,
          serial_library_hellmonk_reading_circle
D:9:      layout_basic, kennysheep_little_box, cheibriados_altar_1,
          mainiacjoe_overflow_brackets, erik_lair_orcish_takeover
D:10:     layout_long_grid, elyvilon_altar_4, orc_0_dummy, uniq_snorg
D:11:     layout_cave_pools
Lair:1:   layout_cave_pods, enter_volcano_3, minmay_shattered_shrine
Lair:2:   layout_regular_city, elwin_shoals_entry_rocks,
          nicolae_spider_entry_non_spiders, serial_forest,
          infiniplex_forest_end_2, infiniplex_forest_clump_C,
          infiniplex_forest_corner_2, infiniplex_forest_join,
          infiniplex_forest_straight_2, infiniplex_forest_clump_long,
          infiniplex_forest_clump_small, infiniplex_forest_clump_medium,
          pdpol_lair_cavern_descent, uniq_erica, uniq_fannar, uniq_sonja
Lair:3:   layout_roguey, gammafunk_ghost_hive, grunt_forest_small_clearing_treed
Lair:4:   layout_gridlike, grunt_megastairs_3
Lair:5:   minmay_lair_end_enchanted_forest, layout_cave_pods, slime_entry_1,
          columned_hall_lemuel, dreamdust_mushroom_princess, grunt_megastairs_2
Spider:1: layout_chambers
Orc:1:    layout_diamond_mine, bloody_makhleb, uniq_josephine
Orc:2:    st_orc_rangers, layout_caves, serial_shops, nicolae_shop_scrapyard,
          nicolae_orc_quarried_blocks

Skill      XL: |  1  2  3  4  5  6  7  8  9 10 11 12 13 14 |
---------------+-------------------------------------------+-----
Axes           | 4 5 6 8 10 12 16 | 16.7
Fighting       | 4 5 6 7 8 9 11 13 15 | 15.0
Stealth        | 1 2 4 |  4.0
Throwing       | 1 2 4 |  4.0
Dodging        | 3 4 5 6 7 9 11 12 | 12.0
Evocations     | 3 4 5 7 9 10 | 10.8
Shields        | 4 |  4.0
Armour         | 5 8 10 12 | 12.0
Long Blades    | 2 |  2.0

Action                     |  1- 3 |  4- 6 |  7- 9 | 10-12 | 13-15 || total
---------------------------+-------+-------+-------+-------+-------++-------
  Melee: Hand axe          |    68 |       |       |       |       ||    68
         Headbutt          |     7 |    11 |    33 |   117 |   210 ||   378
         War axe           |     7 |    70 |   208 |   485 |   782 ||  1552
         Punch             |       |     1 |       |       |       ||     1
         Scimitar          |       |       |       |       |    17 ||    17
  Throw: Boomerang         |       |       |       |     3 |       ||     3
         Throwing net      |       |       |       |       |     1 ||     1
 Invoke: Berserk           |     1 |     5 |    12 |    14 |     9 ||    41
         Trog's Hand       |       |       |       |     2 |     1 ||     3
         Brothers in Arms  |       |       |       |     1 |     1 ||     2
  Evoke: Wand              |       |       |       |     6 |     1 ||     7
    Use: Scroll            |     3 |     5 |     6 |     6 |     7 ||    27
         Potion            |       |       |       |       |     1 ||     1
   Stab: Sleeping          |     2 |       |       |       |       ||     2
         Distracted        |       |       |       |     1 |       ||     1
 Armour: Animal skin       |    18 |       |       |       |       ||    18
         Ring mail         |    25 |     3 |       |       |       ||    28
         Chain mail        |       |    42 |   138 |   197 |   398 ||   775
         Plate armour      |       |       |       |    16 |       ||    16
  Dodge: Dodged            |    36 |    37 |    86 |   121 |   290 ||   570
  Block: Kite shield       |       |       |    16 |   340 |   704 ||  1060
